 Dungeon Crawl Stone Soup version 0.31-a0-182-gc5ef74bbde (webtiles) character file.

Game seed: 7639575304969032838

384 lunkers the Twirler (level 7, -4/51 HPs)
             Began as a Meteoran Wanderer on June 21, 2023.
             Was an Initiate of Jiyva.
             Slain by a gnoll bouda
             ... wielding a +0 whip
              (8 damage)
             ... on level 4 of the Dungeon.
             The game lasted 00:04:25 (1577 turns).

lunkers the Twirler (Meteoran Wanderer)             Turns: 1577, Time: 00:04:25

Health: -4/51      AC:  9    Str: 16    XL:     7   Next: 27%
Magic:  0/8        EV: 11    Int: 11    God:    Jiyva [......]
Gold:   202        SH:  0    Dex: 16    Spells: 6/6 levels left

rFire   . . .        a - +0 quarterstaff
rCold   . . .        (shield currently unavailable)
rNeg    . . .        d - +0 ring mail
rPois   .            (no helmet)
rElec   .            (no cloak)
rCorr   +            (no gloves)
SInv    .            h - +2 pair of boots
Will    +....        g - amulet of guardian spirit
Stlth   +            p - ring of willpower
HPRegen 0.28/turn    m - ring of resist corrosion
MPRegen 0.11/turn

%: guardian spirit
@: glowing
A: sense surroundings 1, otherworldly, glowing, explore regen
a: Renounce Religion


You were on level 4 of the Dungeon.
You worshipped Jiyva.
Jiyva was noncommittal.
You visited 2 branches of the dungeon, and saw 5 of its levels.

You collected 202 gold pieces.

Inventory:

Hand Weapons
 a - a +0 quarterstaff (weapon)
 t - the +8 whip of the Stopping Gods {freeze, *Rage rPois Str+3}
   (You found it on level 4 of the Dungeon)

   Str:       It affects your strength (+3).
   rPois:     It protects you from poison.
   *Rage:     It berserks you when you make melee attacks (+20% chance).
Armour
 d - a +0 ring mail (worn)
 h - a +2 pair of boots (worn)
Magical Staves
 f - a staff of death
 q - the staff "Sowuann" {Fragile rN+ Int+5 Necro}
   (You found it on level 3 of the Dungeon)

   [staff of death]

   Base accuracy: +5 Base damage: 5 Base attack delay: 1.2 This weapon's minimum
   attack delay (0.6) is reached at skill level 12.
   Int:       It affects your intelligence (+5).
   rN:        It protects you from negative energy.
   Fragile:   It will be destroyed if unequipped.
   Necro:     It increases the power of your Necromancy spells.
   It falls into the 'Staves' category.
   It is a one-handed weapon.
Jewellery
 g - an amulet of guardian spirit (around neck)
 m - a ring of resist corrosion (right hand)
 p - a ring of willpower (left hand)
 r - an amulet of magic regeneration
Wands
 n - a wand of polymorph (8)
Scrolls
 b - 2 scrolls of fear
 i - 2 scrolls of enchant weapon {unknown}
 j - a scroll of fog {unknown}
 k - 3 scrolls of teleportation {unknown}
 o - a scroll of identify {unknown}
 s - a scroll of enchant armour {unknown}
Potions
 c - 2 potions of haste
 e - a potion of enlightenment {unknown}
 l - a potion of cancellation {unknown}
 u - a potion of lignification {unknown}


   Skills:
 + Level 0.9 Fighting
 + Level 7.7 Staves
 + Level 3.9 Armour
 + Level 1.8 Dodging
 - Level 1.4 Stealth
 - Level 3.6 Unarmed Combat


You had 6 spell levels left.
You didn't know any spells.
Your spell library contained the following spells:

 Spells                   Type           Power      Damage    Failure   Level
 Summon Small Mammal      Summ           0%         N/A       54%         1
 Call Canine Familiar     Summ           0%         N/A       88%         3
 Gell's Gravitas          Tloc           0%         N/A       88%         3
 Summon Guardian Golem    Hex/Summ       0%         N/A       88%         3
 Teleport Other           Tloc           0%         N/A       88%         3
 Dispersal                Tloc           0%         N/A       100%        6


Dungeon Overview and Level Annotations

Branches:
Dungeon (4/15) Zot: 826    Temple (1/1) D:4 Zot: 591

Altars:
Ashenzari
Fedhas
Jiyva

Annotations:
D:3 1 runed translucent door, Brisketman's ghost, amateur TrRe


Innate Abilities, Weirdness & Mutations

You passively map a small area around you.
You are easily found by Zot.
You glow in the dark.
You regain HP and MP as you explore.


Message History

The gnoll misses you.
You closely miss the gnoll.
The gnoll is severely wounded.
The gnoll hits you but does no damage. The gnoll closely misses you.
Unknown command.
You hit the gnoll but do no damage.
The gnoll is severely wounded.
Unknown command.
You closely miss the gnoll.
The gnoll is severely wounded.
The gnoll closely misses you. The gnoll hits you but does no damage.
Unknown command.
You closely miss the gnoll.
The gnoll is severely wounded.
The gnoll hits you from afar with a +0 spear.
The gnoll hits you with a +0 flail!
* * * LOW HITPOINT WARNING * * *
You sock the gnoll!
You kill the gnoll!
Your attacks no longer feel as feeble.
The gnoll closely misses you. The gnoll misses you.
Things that are here:
a +0 flail; a gnoll corpse You hit the gnoll bouda.
The gnoll bouda is lightly wounded.
The gnoll bouda closely misses you. The gnoll hits you but does no damage.
You barely miss the gnoll bouda.
The gnoll bouda is lightly wounded.
The gnoll bouda barely misses you.
The gnoll hits you from afar with a +0 spear.
* * * LOW MAGIC WARNING * * *
* * * LOW HITPOINT WARNING * * *
The gnoll bouda attacks as you move away!
The gnoll bouda hits you with a +0 whip.
* * * LOW MAGIC WARNING * * *
* * * LOW HITPOINT WARNING * * *
The gnoll bouda attacks as you move away!
The gnoll bouda hits you with a +0 whip!
* * * LOW MAGIC WARNING * * *
You die...

### *** ## #.., , , .# * #.#
* * .# * #)# .# *
############.########.####..
,,
................#.gg........
.#######..##.#..)g###.####..
.# #.......#@.# .# , * .#
#)..#.#...## *.# .#
#...#.##.## .# .# #..##.##.#
.# .# #......... *.#
.#######.###...... .#
.........######..## * ,*
.........<.......# #.
.....#.#.#..##.# #.##


You could see a gnoll bouda and 2 gnolls.

Vanquished Creatures
  Sigmund (D:3)
  Blork the orc (D:4)
  A hound (D:3)
  A sleepcap (D:4)
  A gnoll (D:4)
  3 adders
  An ufetubus (D:4)
  5 worms
  3 dart slugs
  2 ball pythons
  A giant cockroach (D:3)
  3 goblins
  8 hobgoblins
  2 quokkas
  2 bats
  A frilled lizard (D:1)
  3 kobolds
  7 rats
46 creatures vanquished.

Notes
Turn   | Place    | Note
-------+----------+-------------------------------------------
     0 | D:1      | lunkers the Meteoran Wanderer began the quest for the Orb.
     0 | D:1      | lunkers set off with the following items: a +0
                  | quarterstaff, 2 scrolls of fear, a potion of haste, a +0
                  | ring mail.
     0 | D:1      | Reached XP level 1. HP: 14/14 MP: 2/2
    38 | D:1      | Reached skill level 2 in Staves
    40 | D:1      | Reached XP level 2. HP: 13/20 MP: 3/3
   262 | D:1      | Reached skill level 3 in Staves
   264 | D:1      | Reached XP level 3. HP: 22/26 MP: 4/4
   491 | D:1      | Glimpsed the power of Zot.
   796 | D:2      | You fall into a shaft and drop 2 floors!
   813 | D:3      | Reached skill level 4 in Staves
   813 | D:3      | Reached XP level 4. HP: 33/33 MP: 5/5
   832 | D:3      | Found a runed translucent door.
   832 | D:3      | Noticed Brisketman's ghost (amateur TrRe)
   837 | D:3      | Noticed Sigmund
   868 | D:3      | Killed Sigmund
   869 | D:3      | Reached skill level 6 in Staves
   869 | D:3      | Reached XP level 5. HP: 10/38 MP: 1/6
   869 | D:3      | Reached XP level 6. HP: 12/45 MP: 1/7
  1013 | D:3      | Identified the staff "Sowuann" {Fragile rN+ Int+5 Necro}
  1115 | D:3      | Reached skill level 7 in Staves
  1233 | D:3      | Found a faded altar of an unknown god.
  1390 | D:4      | Found a staircase to the Ecumenical Temple.
  1396 | D:4      | Identified the +8 whip of the Stopping Gods {freeze, *Rage
                  | rPois Str+3}
  1406 | Temple   | Entered the Ecumenical Temple
  1410 | Temple   | Became a worshipper of Jiyva Jaadeg the Shapeless
  1526 | D:4      | Noticed Blork the orc
  1541 | D:4      | Killed Blork the orc
  1542 | D:4      | Reached XP level 7. HP: 8/51 MP: 1/8
  1577 | D:4      | Slain by a gnoll bouda

Illustrated notes

Levels and vault maps discovered:
D:1:      ncdulo_lavacross, layout_basic, minmay_surrounded
D:2:      layout_loops_cross, bh_walls_and_bars, uniq_natasha, uniq_jessica
D:3:      layout_basic, hellmonk_ghost_happy_afterlife,
          shapermc_ecumenical_altar_pompeii, uniq_sigmund
D:4:      layout_loops_ring, minmay_temple_entry_large_hall, uniq_blork_the_orc
Temple:   pf_slimified_temple

Skill      XL: |  1  2  3  4  5  6 |
---------------+-------------------+-----
Staves         | 2 3 4 6 7 |  7.7
Fighting       | |  0.9
Armour         | |  3.9
Dodging        | |  1.8
Stealth        | |  1.4
Unarmed Combat | |  3.6

Action                     |  1- 3 |  4- 6 |  7- 9 || total
---------------------------+-------+-------+-------++-------
  Melee: Quarterstaff      |    81 |    95 |    14 ||   190
         Unarmed           |       |    18 |       ||    18
 Armour: Ring mail         |    35 |    47 |     7 ||    89
         Skin              |       |     5 |       ||     5
  Dodge: Dodged            |    32 |    55 |    10 ||    97

Table legend: (Time is in decaauts)
 A = Elapsed time spent in this place.
 B = Non-inter-level travel time spent in this place.
 C = Inter-level travel time spent in this place.
 D = Time resting spent in this place.
 E = Time spent auto-exploring this place.
 F = Levels seen in this place.
 G = Mean time per level.
                   A        B        C        D        E       F      G
               +--------+--------+--------+--------+--------+-----+--------+
         Total |   1582 |   1568 |     14 |      0 |   1067 |   5 |  316.4 |
       Dungeon |   1573 |   1559 |     14 |      0 |   1067 |   4 |  393.2 |
        Temple |      8 |      8 |      0 |      0 |      0 |   1 |    8.0 |
               +--------+--------+--------+--------+--------+-----+--------+

Top non-repeatable levels by time:
     D:1: 526 daAuts
     D:3: 448 daAuts
     D:4: 317 daAuts
     D:2: 282 daAuts
  Temple: 8 daAuts
